 Dungeon Crawl Stone Soup version 0.25.1-2-g60ff931df9 (webtiles) character file.

Game seed: 11089662798524964562

63 Mrkan the Chopper (level 3, 0/33 HPs)
             Began as a Draconian Berserker on Nov 13, 2020.
             Was a Believer of Trog.
             Slain by Crazy Yiuf
             ... wielding a +3 quarterstaff of chaos
              (9 damage)
             ... on level 2 of the Dungeon.
             The game lasted 00:01:59 (1650 turns).

Mrkan the Chopper (Draconian Berserker)             Turns: 1650, Time: 00:02:00

Health: 0/33       AC:  5    Str: 20    XL:     3   Next: 87%
Magic:  3/3        EV: 13    Int:  7    God:    Trog [**....]
Gold:   87         SH:  0    Dex: 10    Spells: 2/2 levels left

rFire    . . .     SeeInvis .   a - +0 hand axe
rCold    . . .     Gourm    .   (no shield)
rNeg     . . .     Faith    .   (armour unavailable)
rPois    .         Spirit   .   (helmet restricted)
rElec    .         Reflect  .   (no cloak)
rCorr    .         Harm     .   (no gloves)
MR       .....                  (no boots)
Stlth    +.........             (no amulet)
HPRegen  0.11/turn              (no ring)
MPRegen  0.08/turn              (no ring)

@: no status effects
A: unfitting armour, cold-blooded, AC +5
a: Berserk, Trog's Hand, Renounce Religion


You were on level 2 of the Dungeon.
You worshipped Trog.
Trog was pleased with you.
You were not hungry.

You visited 1 branch of the dungeon, and saw 2 of its levels.

You collected 87 gold pieces.

Inventory:

Hand Weapons
 a - a +0 hand axe (weapon)
Scrolls
 d - 5 scrolls of identify {unknown}
 f - a scroll of enchant armour {unknown}
 g - a scroll of remove curse {unknown}
 h - a scroll of blinking {unknown}
Potions
 e - 2 potions of haste {unknown}
Comestibles
 b - 2 rations
 c - 6 chunks of flesh


   Skills:
 + Level 3.8 Fighting
 * Level 4.0 Axes
 + Level 3.1 Dodging


You had 2 spell levels left.
You didn't know any spells.
Your spell library was empty.

Dungeon Overview and Level Annotations

Branches:
Dungeon (2/15)

Altars:

Annotations:
D:2 Crazy Yiuf


Innate Abilities, Weirdness & Mutations

Your plain brown scales are hard. (AC +5)
You cannot fit into any form of body armour.
You are cold-blooded and may be slowed by cold attacks.


Message History

Crazy Yiuf burns you.
You closely miss Crazy Yiuf.
Crazy Yiuf is moderately wounded.
Crazy Yiuf barely misses you.
You hit Crazy Yiuf.
Your tail-slap misses Crazy Yiuf.
Crazy Yiuf is severely wounded.
Crazy Yiuf hits you with a +3 quarterstaff of chaos!
You feel yourself slow down. Crazy Yiuf freezes you.
* * * LOW HITPOINT WARNING * * *
You hit Crazy Yiuf.
Crazy Yiuf is severely wounded.
Crazy Yiuf closely misses you.
Crazy Yiuf screams, "Tosser unthinkable koolooloo!"
Crazy Yiuf barely misses you.
You barely miss Crazy Yiuf.
Crazy Yiuf is severely wounded.
You feel yourself speed up.
Crazy Yiuf whimpers, "Goober ena meccalolo!"
Crazy Yiuf hits you with a +3 quarterstaff of chaos!
You die...

#.......# #........#
##..#.# #.#
#.......############
#...#.# #.#
#.......'..#
##....###.#
#.......#### #####
##........#
#.......# #..)#
#..#..(...##
#.......# #...#
####........
#####.### ...
#..##..## #.# #g#
##.##..## #.# ♣♣@♣
#.##..## #.# ♣.♣♣
#..#..## #.# ♣♣.♣
##.#..## #.# ♣.♣♣
#....## #.######
♣♣.♣♣ ##.....
#.#....# ♣...♣♣
#.÷.## #......#
♣).))♣ ##....
#######.##.# #..).#
#...# #........#.#
#.)).# #...#


You could see Crazy Yiuf.

Vanquished Creatures
  2 adders (D:2)
  A worm (D:2)
  2 dart slugs (D:1)
  A ball python (D:2)
  7 bats (D:1)
  2 giant cockroaches (D:1)
  5 goblins
  5 hobgoblins
  A quokka (D:2)
  2 frilled lizards (D:2)
  5 kobolds
  4 rats
37 creatures vanquished.

Notes
Turn   | Place    | Note
-------+----------+-------------------------------------------
     0 | D:1      | Mrkan the Draconian Berserker began the quest for the Orb.
     0 | D:1      | Reached XP level 1. HP: 19/19 MP: 1/1
   190 | D:1      | Reached XP level 2. HP: 25/26 MP: 2/2
   644 | D:1      | Reached ** piety under Trog
   717 | D:1      | Reached XP level 3. HP: 30/33 MP: 3/3
  1291 | D:2      | Reached skill level 4 in Axes
  1640 | D:2      | Found a runed translucent door.
  1641 | D:2      | Noticed Crazy Yiuf
  1650 | D:2      | Slain by Crazy Yiuf

Illustrated notes

Levels and vault maps discovered:
D:1:      scummos_arrival_simple_fountains, layout_basic, serial_corexii_hall,
          corexii_hall_statues_l, corexii_hall_statues_x
D:2:      layout_basic, uniq_crazy_yiuf_cottage

Skill      XL: |  1  2  3 |
---------------+----------+-----
Dodging        | 3 |  3.1
Axes           | 4 |  4.0
Fighting       | |  3.8

Action                   || total
-------------------------++-------
Melee: Hand axe          ||   125
       Tailslap          ||    11
  Eat: Chunk             ||     2
Armor: Skin              ||    40
Dodge: Dodged            ||   118
